AoeStats
← Rey William

MegaRandom

509694704Analyzed
2v2 RM · 6d ago on Sep 27, 2026· 50m 11s· 4 players
Game mode
Random Map
Map size
Medium (4 player)
Population
200
Speed
Normal
Resources
Standard
Victory
Conquest
Starting age
Dark Age
Ending age
Imperial Age
RankedLock teamsTeams togetherTeam positionsShared explorationLock speedFull tech treeHidden civsTurbo modeCheats
Victory
Defeat
🇦🇷 Malians · Argentina
1065
+17
🇦🇷 Persians · Argentina
1062
+17
🇺🇸 Varangians · United States
1086
-17
🇺🇸 Japanese · United States
1076
-17
Rey William
11:50 Feudal Age
13:22 Loom
15:15 Double-Bit Axe
17:54 Castle Age
16:33 Horse Collar
16:45 Gold Mining
17:18 Fishing Lines
18:36 Bow Saw
19:47 Gold Shaft Mining
20:03 Wheelbarrow
21:33 Town Watch
22:21 Hand Cart
22:59 Stone Mining
26:12 Fletching
27:47 Heavy Plow
32:01 Imperial Age
30:30 Bodkin Arrow
30:47 Forging
30:43 Scale Barding Armor
31:29 Stone Shaft Mining
31:41 Cavalier
32:35 Bloodlines
33:02 Iron Casting
32:42 Light Cavalry
33:25 Husbandry
33:47 Chain Barding Armor
35:21 Blast Furnace
35:19 Kamandaran
35:43 Savar
37:43 Plate Barding Armor
36:31 Hussar
38:35 Padded Archer Armor
40:31 Leather Archer Armor
41:01 Ballistics
41:42 Chemistry
40:39 Murder Holes
43:49 Ring Archer Armor
43:31 Masonry
Soaquinnn
1:06 Loom
13:26 Feudal Age
17:37 Castle Age
16:43 Double-Bit Axe
16:39 Horse Collar
30:52 Imperial Age
29:47 Bow Saw
29:39 Heavy Plow
29:37 Gold Mining
30:39 Scale Mail Armor
30:50 Forging
32:59 Iron Casting
32:40 Chain Mail Armor
34:05 Squires
33:51 Arson
33:28 Pikeman
35:29 Plate Mail Armor
35:20 Elite Gbeto
37:33 Conscription
39:24 Chemistry
39:28 Ballistics
40:52 Town Watch
41:46 Wheelbarrow
Selethen
5:31 Loom
13:47 Feudal Age
16:22 Horse Collar
21:28 Castle Age
19:51 Fishing Lines
23:23 Wheelbarrow
23:06 Double-Bit Axe
23:42 Medium Warships
24:16 Gillnets
26:26 Coinage
27:08 Hand Cart
30:08 Bow Saw
30:11 Heavy Plow
30:34 Gold Mining
30:38 Stone Mining
32:04 Gold Shaft Mining
34:43 Ballistics
34:08 Treadmill Crane
34:40 Masonry
39:02 Imperial Age
36:37 Squires
36:23 Arson
36:23 Pikeman
38:12 Scale Mail Armor
38:23 Forging
38:04 Fletching
38:15 Murder Holes
38:46 Town Watch
39:36 Caravan
40:35 Banking
41:24 Two-Man Saw
40:25 Halberdier
41:53 Chain Mail Armor
42:14 Iron Casting
41:35 Bodkin Arrow
44:04 Chemistry
44:09 Heavy Warships
43:55 Siege Engineers
49:49 Onager
KING JAMES
3:09 Loom
12:14 Feudal Age
13:03 Double-Bit Axe
18:16 Castle Age
16:59 Horse Collar
18:36 Fletching
23:03 Fishing Lines
23:46 Bodkin Arrow
26:12 Wheelbarrow
29:39 Imperial Age
28:46 Bow Saw
31:43 Ballistics
32:28 Chemistry
31:42 Elite Longship
33:07 Devotion
34:22 Bracer
34:42 Clinker Construction
34:43 Town Watch
36:23 Hand Cart
38:30 Caravan
38:43 Gillnets
39:45 Conscription
40:15 Squires
40:12 Gambesons
43:27 Elite Varangian Guard
43:53 Arson
44:10 Scale Mail Armor
44:21 Forging
46:45 Chain Mail Armor
47:29 Gothikon
48:40 Pikeman
Connection lost

Rejoining the realm…

Still unreachable

The connection could not be restored.

Session expired

The server has moved on; the page needs a fresh start.